 Dungeon Crawl Stone Soup version 0.26-a0-712-ga5a9c9c9d0 (webtiles) character file.

Game seed: 9995419278164084978

2489 Gargoyl the Skirmisher (level 9, -2/74 HPs)
             Began as a Gnoll Abyssal Knight on Nov 1, 2020.
             Was an Elder of Lugonu.
             Slain by Joseph
             ... wielding a +0 quarterstaff of speed
              (16 damage)
             ... on level 7 of the Dungeon.
             The game lasted 00:12:58 (5471 turns).

Gargoyl the Skirmisher (Gnoll Abyssal Knight)       Turns: 5471, Time: 00:12:58

Health: -2/74      AC:  9    Str: 19    XL:     9   Next: 52%
Magic:  15/15      EV: 15    Int: 14    God:    Lugonu [****..]
Gold:   388        SH:  0    Dex: 16    Spells: 16/16 levels left

rFire    + . .     SeeInvis .   D - +4 war axe of Hard Scrabble {flame, Dex+2}
rCold    . . .     Faith    .   (no shield)
rNeg     . . .     Spirit   .   b - +0 leather armour
rPois    .         Reflect  .   x - +1 helmet
rElec    .         Harm     .   f - +2 cloak
rCorr    .         Rampage  .   (no gloves)
MR       +....                  (no boots)
Stlth    +++.......             d - amulet of regeneration
HPRegen  0.62/turn              k - ring of protection from fire
MPRegen  0.14/turn              u - ring of protection from magic

@: studying Shields
A: distributed training, fangs 1, strong nose
a: Depart the Abyss, Bend Space, Banish, Corrupt, Renounce Religion


You were on level 7 of the Dungeon.
You worshipped Lugonu.
Lugonu was greatly pleased with you.
You visited 1 branch of the dungeon, and saw 7 of its levels.
You visited the Abyss 1 time.

You collected 388 gold pieces.

Inventory:

Hand Weapons
 a - a +1 hand axe
 o - the +2 trident "Dragonbane" {chaos, *Contam rElec Dex+2}
   (You found it on level 6 of the Dungeon)

   Each time it hits an enemy it has a different, random effect.
   It affects your dexterity (+2).
   It insulates you from electricity.
   It causes magical contamination when unequipped.
 q - a +3 vorpal war axe
 D - the +4 war axe of Hard Scrabble (weapon) {flame, Dex+2}
   (You found it on level 6 of the Dungeon)

   It has been specially enchanted to burn those struck by it, causing extra
   injury to most foes and up to half again as much damage against particularly
   susceptible opponents.
   Big, fiery blades are also staple armaments of hydra-hunters.
   It affects your dexterity (+2).
Missiles
 l - 47 poisoned darts (quivered)
Armour
 b - a +0 leather armour (worn)
 f - a +2 cloak (worn)
 x - a +1 helmet (worn)
Jewellery
 d - an amulet of regeneration (around neck)
 k - a ring of protection from fire (left hand)
 u - a ring of protection from magic (right hand)
 A - a +4 ring of protection
Scrolls
 g - a scroll of teleportation
 m - 3 scrolls of remove curse
 n - 3 scrolls of magic mapping
 p - 3 scrolls of fear
 r - 8 scrolls of identify
 y - a scroll of blinking
 z - a scroll of fog
Potions
 c - a potion of heal wounds {unknown}
 e - 2 potions of cancellation
 h - a potion of resistance
 i - a potion of mutation {unknown}
 j - 4 potions of curing
 s - 2 potions of haste {unknown}
 t - a potion of stabbing {unknown}
 v - 2 potions of might {unknown}
 w - a potion of berserk rage {unknown}
 B - a potion of ambrosia
Books
 C - a manual of Shields


   Skills:
 + Level 7.9 Fighting
 + Level 4.3 Short Blades
 + Level 4.3 Long Blades
 + Level 6.3 Axes
 + Level 4.3 Maces & Flails
 + Level 4.3 Polearms
 + Level 4.3 Staves
 + Level 4.3 Slings
 + Level 4.3 Bows
 + Level 4.3 Crossbows
 + Level 4.3 Throwing
 + Level 6.3 Armour
 + Level 5.1 Dodging
 + Level 4.3 Stealth
 + Level 4.9 Shields
 + Level 4.3 Unarmed Combat
 + Level 4.3 Spellcasting
 + Level 3.5 Conjurations
 + Level 3.5 Hexes
 + Level 3.5 Summonings
 + Level 3.5 Necromancy
 + Level 3.5 Translocations
 + Level 3.5 Transmutations
 + Level 3.5 Fire Magic
 + Level 3.5 Ice Magic
 + Level 3.5 Air Magic
 + Level 3.5 Earth Magic
 + Level 3.5 Poison Magic
 + Level 6.7 Invocations
 + Level 4.3 Evocations


You had 16 spell levels left.
You didn't know any spells.
Your spell library was empty.

Dungeon Overview and Level Annotations

Branches:
Dungeon (7/15)             Temple (0/1) D:6

Altars:
Ashenzari
Fedhas
Hepliaklqana
Kikubaaqudgha
Okawaru

Annotations:
D:7 Joseph


Innate Abilities, Weirdness & Mutations

Your experience applies equally to all skills.
You have very sharp teeth.
Your uncanny sense of smell can sniff out nearby items.


Message History

It stops flaming.
Joseph wields a +0 quarterstaff of speed.
Joseph closely misses you.
You hit Joseph. Your bite misses Joseph.
Joseph is lightly wounded.
Joseph misses you.
You slash Joseph! You burn Joseph. You bite Joseph, but do no damage.
Joseph is moderately wounded.
Joseph hits you with a +0 quarterstaff of speed!
You slash Joseph! You burn Joseph.
Joseph is heavily wounded.
Joseph hits you with a +0 quarterstaff of speed.
You closely miss Joseph.
Joseph is heavily wounded.
Joseph hits you with a +0 quarterstaff of speed!
* * * LOW HITPOINT WARNING * * *
You barely miss Joseph. Your bite misses Joseph.
Joseph is heavily wounded.
Joseph hits you with a +0 quarterstaff of speed!
You die...

..... . ##. ....
.?.. .
...##...##
#.##....#...## ∆
.#.#.....#....#
..............##
#.......@......
.. #......@..#
#$.. ##.#...(.##
.... .#..#..(###
.... ........###
....
..###.....####
.... #.....#..##
.... #((....)..#
.... #...).)..<#
....
......)>....#


You could see Joseph.

Vanquished Creatures
  Eustachio (D:5)
  2 sky beasts
  2 ice beasts
  2 phantoms
  6 ogres
  A centaur (D:6)
  2 bullfrogs
  A wyvern zombie (D:7)
  3 scorpions
  A jelly (D:5)
  2 gnoll shamans
  4 orc priests
  3 hounds
  4 orc wizards
  A centaur skeleton (D:4)
  An iguana (D:6)
  3 worker ants
  A hound zombie (D:5)
  10 adders
  10 gnolls
  A white imp (D:5)
  An ufetubus (D:5)
  An ooze (D:2)
  An adder skeleton (D:4)
  2 worms (D:2)
  4 dart slugs
  3 leopard geckos
  15 orcs
  A ball python (D:4)
  6 bats
  5 giant cockroaches
  6 goblins
  9 hobgoblins
  14 jackals
  3 quokkas
  8 frilled lizards
  10 kobolds
  6 rats
156 creatures vanquished.

Vanquished Creatures (others)
  A bat (D:3)
1 creature vanquished.

Grand Total: 157 creatures vanquished

Notes
Turn   | Place    | Note
-------+----------+-------------------------------------------
     0 | Abyss:1  | Gargoyl the Gnoll Abyssal Knight began the quest for the
                  | Orb.
     0 | Abyss:1  | Reached XP level 1. HP: 23/23 MP: 3/3
    50 | Abyss:1  | Noticed a small abomination
    51 | Abyss:1  | Noticed a large abomination
    68 | Abyss:1  | Noticed a raiju
    69 | D:1      | Escaped the Abyss
   149 | D:1      | Reached XP level 2. HP: 28/29 MP: 5/5
   157 | D:1      | Reached * piety under Lugonu
   277 | D:1      | Reached XP level 3. HP: 33/35 MP: 6/6
  1001 | D:2      | Reached skill level 1 in Short Blades
  1001 | D:2      | Reached skill level 1 in Long Blades
  1001 | D:2      | Reached skill level 1 in Maces & Flails
  1001 | D:2      | Reached skill level 1 in Polearms
  1001 | D:2      | Reached skill level 1 in Staves
  1001 | D:2      | Reached skill level 1 in Slings
  1001 | D:2      | Reached skill level 1 in Bows
  1001 | D:2      | Reached skill level 1 in Crossbows
  1001 | D:2      | Reached skill level 1 in Throwing
  1001 | D:2      | Reached skill level 1 in Stealth
  1001 | D:2      | Reached skill level 1 in Shields
  1001 | D:2      | Reached skill level 1 in Unarmed Combat
  1001 | D:2      | Reached skill level 1 in Spellcasting
  1001 | D:2      | Reached skill level 1 in Evocations
  1001 | D:2      | Reached XP level 4. HP: 37/41 MP: 7/7
  1229 | D:2      | Reached ** piety under Lugonu
  1311 | D:2      | Reached skill level 1 in Conjurations
  1311 | D:2      | Reached skill level 1 in Hexes
  1311 | D:2      | Reached skill level 1 in Summonings
  1311 | D:2      | Reached skill level 1 in Necromancy
  1311 | D:2      | Reached skill level 1 in Translocations
  1311 | D:2      | Reached skill level 1 in Transmutations
  1311 | D:2      | Reached skill level 1 in Fire Magic
  1311 | D:2      | Reached skill level 1 in Ice Magic
  1311 | D:2      | Reached skill level 1 in Air Magic
  1311 | D:2      | Reached skill level 1 in Earth Magic
  1311 | D:2      | Reached skill level 1 in Poison Magic
  1698 | D:3      | Reached XP level 5. HP: 40/47 MP: 8/8
  1868 | D:3      | Found a faded altar of an unknown god.
  2129 | D:4      | Noticed an ogre
  2266 | D:4      | Reached skill level 5 in Invocations
  2266 | D:4      | Reached XP level 6. HP: 53/53 MP: 9/9
  2273 | D:4      | Reached *** piety under Lugonu
  2314 | D:4      | Reached skill level 5 in Axes
  2314 | D:4      | Reached skill level 5 in Armour
  2392 | D:4      | Reached XP level 7. HP: 44/59 MP: 10/10
  2776 | D:4      | Reached skill level 7 in Fighting
  2963 | D:4      | Got an ancient hand axe
  2964 | D:4      | Identified the +4 hand axe "Futagig" {flame, Str+9 Dex-5}
                  | (You found it on level 4 of the Dungeon)
  3289 | D:5      | Entered Level 5 of the Dungeon
  3391 | D:5      | Noticed Eustachio
  3396 | D:5      | Reached XP level 8. HP: 33/67 MP: 12/12
  3468 | D:5      | Killed Eustachio
  3636 | D:5      | Found a broken altar of Ashenzari.
  4155 | D:5      | Found an ancient bone altar of Kikubaaqudgha.
  4184 | D:5      | Found a blossoming altar of Fedhas.
  4619 | D:6      | Found a staircase to the Ecumenical Temple.
  4705 | D:6      | Found a hazy altar of Hepliaklqana.
  4785 | D:6      | Got a transparent war axe
  4790 | D:6      | Reached XP level 9. HP: 72/72 MP: 14/14
  4791 | D:6      | Identified the +4 war axe of Hard Scrabble {flame, Dex+2}
                  | (You found it on level 6 of the Dungeon)
  4866 | D:6      | Got an encrusted trident
  4869 | D:6      | Identified the +2 trident "Dragonbane" {chaos, *Contam
                  | rElec Dex+2} (You found it on level 6 of the Dungeon)
  4970 | D:6      | Reached **** piety under Lugonu
  5148 | D:6      | Found an iron altar of Okawaru.
  5302 | D:7      | Reached skill level 5 in Dodging
  5456 | D:7      | Noticed Joseph
  5471 | D:7      | Slain by Joseph

Illustrated notes

Levels and vault maps discovered:
D:1:      erik_arrival_cave_to_civilisation [erik_arrival_cave_to_temple],
          layout_rooms
D:2:      layout_rooms, fountainhead
D:3:      layout_rooms, chequers_ecumenical_altar_simple, grunt_decor_resistance
D:4:      layout_loops_ring
D:5:      layout_layer_cave, grunt_temple_overflow_growth_and_decay,
          cheibrodos_ashenzari_chains, uniq_eustachio
D:6:      minmay_chambers_of_threes, layout_rooms, okawaru_altar_gauntlet_db,
          kennysheep_little_box, minmay_temple_entry_statues_fountains,
          minmay_manual_monstrance
D:7:      layout_cave_pools, nemelex_xobeh_ov_fountains_minmay,
          grunt_gozag_breadcrumbs, serial_shops, kennysheep_mini_moat,
          uniq_joseph

Skill      XL: |  1  2  3  4  5  6  7  8  9 |
---------------+----------------------------+-----
Short Blades   | 1 2 3 4 |  4.3
Long Blades    | 1 2 3 4 |  4.3
Maces & Flails | 1 2 3 4 |  4.3
Polearms       | 1 2 3 4 |  4.3
Staves         | 1 2 3 4 |  4.3
Slings         | 1 2 3 4 |  4.3
Bows           | 1 2 3 4 |  4.3
Crossbows      | 1 2 3 4 |  4.3
Throwing       | 1 2 3 4 |  4.3
Stealth        | 1 2 3 4 |  4.3
Shields        | 1 2 3 4 |  4.9
Unarmed Combat | 1 2 3 4 |  4.3
Spellcasting   | 1 2 3 4 |  4.3
Evocations     | 1 2 3 4 |  4.3
Conjurations   | 1 2 3 |  3.5
Hexes          | 1 2 3 |  3.5
Summonings     | 1 2 3 |  3.5
Necromancy     | 1 2 3 |  3.5
Translocations | 1 2 3 |  3.5
Transmutations | 1 2 3 |  3.5
Fire Magic     | 1 2 3 |  3.5
Ice Magic      | 1 2 3 |  3.5
Air Magic      | 1 2 3 |  3.5
Earth Magic    | 1 2 3 |  3.5
Poison Magic   | 1 2 3 |  3.5
Dodging        | 3 4 5 |  5.1
Invocations    | 5 6 |  6.7
Axes           | 5 6 |  6.3
Armour         | 5 6 |  6.3
Fighting       | 7 |  7.9

Action                   |  1- 3 |  4- 6 |  7- 9 || total
-------------------------+-------+-------+-------++-------
Melee: Hand axe          |    90 |   202 |    92 ||   384
       Bite              |    10 |    28 |    31 ||    69
       War axe           |       |       |   167 ||   167
       Punch             |       |       |    12 ||    12
Throw: Dart              |       |       |     3 ||     3
Invok: Depart the Abyss  |     1 |       |       ||     1
       Bend Space        |       |     1 |       ||     1
  Use: Scroll            |     2 |     6 |     9 ||    17
       Potion            |       |     7 |       ||     7
 Stab: Sleeping          |       |     2 |     4 ||     6
       Invisible         |       |     4 |       ||     4
Armor: Leather armour    |    46 |    74 |   119 ||   239
Dodge: Dodged            |    95 |   204 |   278 ||   577

Table legend: (Time is in decaauts)
 A = Elapsed time spent in this place.
 B = Non-inter-level travel time spent in this place.
 C = Inter-level travel time spent in this place.
 D = Time resting spent in this place.
 E = Time spent auto-exploring this place.
 F = Levels seen in this place.
 G = Mean time per level.
                   A        B        C        D        E       F      G
               +--------+--------+--------+--------+--------+-----+--------+
         Total |   5528 |   5174 |    354 |    460 |   3209 |   8 |  691.0 |
       Dungeon |   5459 |   5105 |    354 |    460 |   3160 |   7 |  779.9 |
         Abyss |     68 |     68 |      0 |      0 |     49 |   1 |   68.0 |
               +--------+--------+--------+--------+--------+-----+--------+

Top non-repeatable levels by time:
     D:5: 1285 daAuts
     D:4: 1224 daAuts
     D:6: 800 daAuts
     D:1: 789 daAuts
     D:3: 679 daAuts
     D:2: 590 daAuts
     D:7: 89 daAuts
 Abyss:1: 68 daAuts
